 Dungeon Crawl Stone Soup version 0.20-a0-1089-g3fde505 (webtiles) character file.

494 M4edhros the Chopper (level 7, -2/41 HPs)
             Began as a Kobold Berserker on May 4, 2017.
             Was a Believer of Trog.
             Shot with an arrow by a centaur (7 damage)
             ... on level 5 of the Dungeon.
             The game lasted 00:04:25 (1313 turns).

M4edhros the Chopper (Kobold Berserker)             Turns: 1313, Time: 00:04:26

Health: -2/41      AC:  9    Str: 15    XL:     7   Next: 38%
Magic:  7/7        EV: 12    Int:  8    God:    Trog [**....]
Gold:   72         SH:  0    Dex: 13    Spells: 6/6 levels left

rFire    . . .     SeeInvis .   a - +0 hand axe
rCold    . . .     Gourm    .   (shield restricted)
rNeg     . . .     Faith    .   m - +0 scale mail
rPois    .         Spirit   .   (no helmet)
rElec    .         Reflect  .   o - +1 cloak
rCorr    .         Harm     .   (no gloves)
MR       +....                  s - +0 pair of boots
Stlth    ..........             (no amulet)
Regen    0.2/turn               g - -3 ring of dexterity (curse)
MPRegen  0.1/turn               k - ring of protection from magic

@: lethally poisoned (-2 -> -7), flying, slowed, very slow
A: carnivore 3
a: Berserk, Trog's Hand, Burn Spellbooks, Renounce Religion


You were on level 5 of the Dungeon.
You worshipped Trog.
Trog was pleased with you.
You were not hungry.

You visited 1 branch of the dungeon, and saw 5 of its levels.
You also visited: Sewer.

You collected 72 gold pieces.

Inventory:

Hand Weapons
 a - a +0 hand axe (weapon)
Missiles
 d - 5 javelins
Armour
 b - a +0 animal skin
 m - a +0 scale mail (worn)
 o - a +1 cloak (worn)
 s - a +0 pair of boots (worn)
 y - a scarf of resistance
Jewellery
 g - a cursed -3 ring of dexterity (left hand)
 k - a ring of protection from magic (right hand)
Wands
 l - a wand of paralysis (11/24)
Scrolls
 e - a scroll of magic mapping {unknown}
 i - a scroll of identify {unknown}
 j - 3 scrolls of remove curse {unknown}
 r - a scroll of random uselessness {unknown}
 t - a scroll of teleportation {unknown}
 v - a scroll of blinking {unknown}
 w - a scroll of vulnerability {unknown}
 x - a scroll of immolation {unknown}
Potions
 f - 3 potions of flight
 h - a potion of heal wounds
 n - 2 potions of curing {unknown}
Comestibles
 c - 2 meat rations
 p - a royal jelly
 u - a chunk of flesh


   Skills:
 - Level 3.2 Fighting
 + Level 6.6 Axes
 - Level 1.5 Armour
 - Level 2.4 Dodging


You had 6 spell levels left.
You didn't know any spells.

Dungeon Overview and Level Annotations

Branches:
Dungeon (5/15)
 Temple: D:4-7

Altars:
Fedhas
The Shining One


Innate Abilities, Weirdness & Mutations

You are small and have problems with some larger weapons.
You are carnivorous and can eat meat at any time.


Message History

The centaur shoots an arrow.
The arrow closely misses you.
The arrow hits the scorpion!
The scorpion dies!
The adder barely misses you.
The centaur shoots an arrow.
The arrow barely misses you.
Unknown command.
You hit the adder.
The adder is severely wounded.
The adder bites you.
The centaur shoots an arrow.
The arrow hits you! The adder barely misses you.
The centaur shoots an arrow.
The arrow hits you!
* * * LOW HITPOINT WARNING * * *
It was a potion of flight.
You feel very buoyant.
You fly up into the air.
You feel sick.
The centaur shoots an arrow.
The arrow hits you but does no damage. The adder bites you but does no damage.
The adder bites you.
* * * LOW HITPOINT WARNING * * *
You are lethally poisoned!
The adder poisons you!
The centaur shoots an arrow.
The arrow hits you!
You die...

#...#.###... .#. #
#...#...... ....
..#...#..#.. ..%<..
.c...(#..#.##......
....!....#..#...!..
............'......
.........#..#.....#
#.S@.......#
#...(#..##.# ###
+....+..)..# ...
#....##.##.# ....
#....##.##.# .....
#######.<#.##.....
............@.....
#######..#........
.....#...#####


You could see a centaur and an adder.

Vanquished Creatures
  Eustachio (D:5)
  The ghost of M4edhros the Chopper, an amateur KoBe of Trog (D:5)
  2 bullfrogs (Sewer)
  Ijyb (D:3)
  2 worker ants (D:4)
  A river rat (D:4)
  3 adders
  A dart slug (D:4)
  7 leopard geckos
  4 ball pythons
  6 giant cockroaches
  2 goblins (D:3)
  3 hobgoblins (D:3)
  2 quokkas
  A bat (D:2)
  4 frilled lizards (Sewer)
  7 rats
48 creatures vanquished.

Vanquished Creatures (others)
  A scorpion (D:5)
1 creature vanquished.

Grand Total: 49 creatures vanquished

Notes
Turn   | Place    | Note
-------+----------+-------------------------------------------
     0 | D:1      | M4edhros the Kobold Berserker began the quest for the Orb.
     0 | D:1      | Reached XP level 1. HP: 14/14 MP: 1/1
   167 | D:3      | Noticed Ijyb
   175 | D:3      | Killed Ijyb
   175 | D:3      | Reached skill level 3 in Axes
   175 | D:3      | Reached XP level 2. HP: 19/19 MP: 2/2
   175 | D:3      | Reached XP level 3. HP: 23/23 MP: 3/3
   313 | D:3      | Found a glowing golden altar of the Shining One.
   469 | D:3      | Found a blossoming altar of Fedhas.
   476 | D:3      | Reached XP level 4. HP: 23/28 MP: 4/4
   648 | D:4      | Reached skill level 4 in Axes
   807 | D:4      | Reached ** piety under Trog
   819 | D:4      | Found a glowing drain.
   834 | D:4      | Reached XP level 5. HP: 27/32 MP: 5/5
   847 | Sewer    | Entered a sewer
  1055 | Sewer    | Noticed a bullfrog
  1059 | Sewer    | Noticed a bullfrog
  1061 | Sewer    | Killed a bullfrog
  1061 | Sewer    | Reached skill level 5 in Axes
  1068 | Sewer    | Killed a bullfrog
  1068 | Sewer    | Reached XP level 6. HP: 36/37 MP: 6/6
  1232 | D:5      | Entered Level 5 of the Dungeon
  1232 | D:5      | Noticed M4edhros's ghost (amateur KoBe)
  1244 | D:5      | Killed M4edhros's ghost
  1244 | D:5      | Reached skill level 6 in Axes
  1245 | D:5      | Noticed Eustachio
  1298 | D:5      | Killed Eustachio
  1298 | D:5      | Reached XP level 7. HP: 41/41 MP: 7/7
  1313 | D:5      | Shot with an arrow by a centaur

Vault maps used:
D:1:      lightli_arrival_flooded_house, serial_forest,
          infiniplex_forest_straight_3, infiniplex_forest_clump_curved,
          infiniplex_forest_clump_tiny, infiniplex_forest_lined_room_3,
          infiniplex_forest_zigzag_1, infiniplex_forest_clump_medium,
          infiniplex_forest_lined_ring, infiniplex_forest_lined_2,
          infiniplex_forest_lined_room_2
D:2:      first_bread, uniq_jessica
D:3:      fedhas_altar_2, tso_oasis_becter, fiery_altar_vehumet,
          nicolae_overflow_hidden_temple, dk_noncrumbling_3, uniq_ijyb
D:4:      portal_sewer_entry_e
D:5:      lexackson_kobold_supper, uniq_eustachio
Sewer:    sewer_frog_island_01

Skill      XL: |  1  2  3  4  5  6 |
---------------+-------------------+-----
Axes           | 3 4 5 6 |  6.6
Fighting       | |  3.2
Armour         | |  1.5
Dodging        | |  2.4

Action                   |  1- 3 |  4- 6 |  7- 9 || total
-------------------------+-------+-------+-------++-------
Melee: Hand axe          |    75 |   167 |     8 ||   250
Invok: Berserk           |     2 |     4 |       ||     6
  Use: Potion            |       |     2 |     1 ||     3
  Eat: Chunk             |     1 |    10 |       ||    11
Armor: Animal skin       |     9 |       |       ||     9
       Scale mail        |    29 |    86 |    13 ||   128
Dodge: Dodged            |    63 |   133 |    16 ||   212
